 Dungeon Crawl Stone Soup version 0.20.1-1-g8b1a95d (webtiles) character file.

37 Kingsmith the Conjurer (level 3, -1/24 HPs)
             Began as a Mummy Conjurer on Dec 6, 2017.
             Killed from afar by Natasha (7 damage)
             ... with a magic dart
             ... on level 2 of the Dungeon.
             The game lasted 00:03:11 (1984 turns).

Kingsmith the Conjurer (Mummy Conjurer)             Turns: 1984, Time: 00:03:13

Health: -1/24      AC:  3    Str: 11    XL:     3   Next: 21%
Magic:  3/7        EV: 12    Int: 15    God:
Gold:   74         SH:  0    Dex: 12    Spells: 1/7 levels left

rFire    x . .     SeeInvis .   e - -3 whip (curse)
rCold    + . .     Gourm    .   (no shield)
rNeg     + + +     Faith    .   a - +1 robe
rPois    ∞         Spirit   .   (no helmet)
rElec    .         Reflect  .   (no cloak)
rCorr    .         Harm     .   (no gloves)
MR       .....                  (no boots)
Stlth    ++........             (no amulet)
Regen    0.1/turn               (no ring)
MPRegen  0.1/turn               (no ring)

@: no status effects
A: no food or potions, fire vulnerability, cold resistance 1, negative energy
resistance 3, torment resistance, unbreathing
a: no special abilities


You were on level 2 of the Dungeon.
You were not hungry.

You visited 1 branch of the dungeon, and saw 2 of its levels.

You collected 74 gold pieces.

Inventory:

Hand Weapons
 d - a -1 dagger
 e - a cursed -3 whip (weapon)
Armour
 a - a +1 robe (worn)
Scrolls
 c - a scroll of identify
 f - a scroll of random uselessness
 g - a scroll of teleportation {unknown}
Books
 b - a book of Conjurations

   Spells                             Type                      Level
   a - Magic Dart                     Conjuration                  1
   b - Searing Ray                    Conjuration                  2
   c - Dazzling Spray                 Conjuration/Hexes            3
   d - Fulminant Prism                Conjuration/Hexes            4
   e - Force Lance                    Conjuration/Translocation    4
   f - Iskenderun's Mystic Blast      Conjuration                  4


   Skills:
 - Level 1.5 Dodging
 - Level 1.5 Stealth
 - Level 2.6 Spellcasting
 - Level 4.1 Conjurations
 + Level 0.6 Hexes


You had one spell level left.
You knew the following spells:

 Your Spells              Type           Power        Failure   Level  Hunger
a - Magic Dart            Conj           ##..         3%          1    N/A
b - Searing Ray           Conj           ##....       6%          2    N/A
c - Dazzling Spray        Conj/Hex       #.....       24%         3    N/A

Dungeon Overview and Level Annotations

Branches:
Dungeon (2/15)

Altars:
Okawaru

Annotations:
D:2 Natasha, Robin


Innate Abilities, Weirdness & Mutations

You do not eat or drink.
Your flesh is vulnerable to fire.
You are immune to poison.
Your flesh is cold resistant. (rC+)
You are immune to negative energy. (rN+++)
You are immune to unholy pain and torment.
You can survive without breathing.


Message History

You finish channeling your searing ray.
Natasha stares at you and mumbles some strange words.
The magic dart hits you!
* * * LOW HITPOINT WARNING * * *
Natasha closely misses you.
Natasha casts a spell.
Natasha mumbles some strange words.
You feel disoriented.
The crimson imp blinks!
Natasha mumbles some strange words.
The crimson imp blinks!
The crimson imp blinks!
Natasha wildly gestures.
You feel disoriented.
The shadow imp lashes its tail.
The crimson imp blinks!
The shadow imp shouts, "Accept thy doom, thou feeble nut-hook clothbag!"
Natasha casts a spell at you. The magic dart hits you!
You die...

..#.##.## ##....
#.#.###.## ##.#### #.#.#
##.###.## #.#.#
##...###### #.#[#
#..#..†... #..######.#.#
#....##### ............#
###..# #..#..###.### #..#
#.......#@# #..#
###.#.[#.#.# #..#
.......#.#.#########..#
#......h............#####
#
##.....5..........)......
#.
##...........†.....#####
#.# #..#######.##.##..#
#.#####.s# #.##.....#
##....g.§# #.##.###.#


You could see Natasha and a shadow imp.

Vanquished Creatures
  2 dart slugs (D:2)
  2 leopard geckos (D:1)
  2 giant cockroaches
  5 goblins (D:1)
  6 hobgoblins (D:1)
  A bat (D:1)
  2 frilled lizards
  2 kobolds (D:1)
  7 rats
29 creatures vanquished.

Notes
Turn   | Place    | Note
-------+----------+-------------------------------------------
     0 | D:1      | Kingsmith the Mummy Conjurer began the quest for the Orb.
     0 | D:1      | Reached XP level 1. HP: 13/13 MP: 4/4
   300 | D:1      | Reached XP level 2. HP: 5/19 MP: 3/5
   304 | D:1      | Learned a level 2 spell: Searing Ray
  1139 | D:1      | Reached skill level 4 in Conjurations
  1475 | D:1      | Reached XP level 3. HP: 12/24 MP: 2/7
  1480 | D:1      | Learned a level 3 spell: Dazzling Spray
  1901 | D:2      | Noticed Natasha
  1907 | D:2      | Noticed Robin
  1912 | D:2      | Found an iron altar of Okawaru.
  1984 | D:2      | Killed from afar by Natasha

Skill      XL: |  1  2 |
---------------+-------+-----
Conjurations   | 4 |  4.1
Dodging        | |  1.5
Stealth        | |  1.5
Spellcasting   | |  2.6
Hexes          | |  0.6

Action                   || total
-------------------------++-------
Melee: Dagger            ||    82
       Whip              ||    16
 Cast: Magic Dart        ||    30
       Searing Ray       ||     5
  Use: Scroll            ||     4
 Stab: Sleeping          ||     5
Armor: Robe              ||    26
Dodge: Dodged            ||    72
